 Dungeon Crawl Stone Soup version 0.28-a0-8-g6e044cfa68 (webtiles) character file.

Game seed: 16695648745478492991

1456 gimp the Cleaver (level 9, -1/68 HPs)
             Began as a Formicid Wanderer on July 24, 2021.
             Slain by an iguana (13 damage)
             ... on level 5 of the Dungeon.
             The game lasted 00:09:04 (4946 turns).

gimp the Cleaver (Formicid Wanderer)                Turns: 4946, Time: 00:09:05

Health: -1/68      AC: -3    Str: 21    XL:     9   Next: 5%
Magic:  9/9        EV:  9    Int: 12    God:
Gold:   245        SH:  0    Dex:  9    Spells: 8/8 levels left

rFire   . . .      SeeInvis +   a - +0 hand axe
rCold   . . .      Faith    .   (no shield)
rNeg    . . .      Spirit   .   j - +2 scale mail
rPois   .          Reflect  .   (helmet unavailable)
rElec   .          Harm     .   (no cloak)
rCorr   .          Rampage  .   o - +1 pair of gloves
Will    .....                   (no boots)
Stlth   ..........              g - amulet of regeneration
HPRegen 1.21/turn               (no ring)
MPRegen 0.11/turn               (no ring)

@: corroded
A: permanent stasis, dig shafts and tunnels, antennae 3, four strong arms,
deformed body, mutation resistance 1, wild magic 1
a: Dig, Shaft Self


You were on level 5 of the Dungeon.
You visited 1 branch of the dungeon, and saw 5 of its levels.

You collected 245 gold pieces.

Inventory:

Hand Weapons
 a - a +0 hand axe (weapon)
 b - a +1 war axe
Missiles
 h - 4 atropa-tipped darts (quivered)
 i - 49 bolts
Armour
 j - a +2 scale mail (worn)
 o - a +1 pair of gloves (worn)
Jewellery
 g - an amulet of regeneration (around neck)
 k - a ring of positive energy
Wands
 m - a wand of polymorph (8)
Scrolls
 e - a scroll of magic mapping
 l - 2 scrolls of enchant weapon
Potions
 c - 3 potions of lignification
 d - 2 potions of curing
 n - a potion of brilliance {unknown}


   Skills:
 - Level 5.0 Fighting
 * Level 8.3 Axes
 - Level 2.0 Throwing
 + Level 6.2 Armour
 - Level 3.0 Fire Magic


You had 8 spell levels left.
You didn't know any spells.
Your spell library contained the following spells:

 Spells                   Type           Power      Damage    Failure   Level
 Animate Skeleton         Necr           0%         N/A       71%         1
 Corona                   Hex            0%         N/A       71%         1
 Ensorcelled Hibernation  Hex/Ice        0%         N/A       83%         2
 Call Canine Familiar     Summ           0%         N/A       96%         3
 Portal Projectile        Hex/Tloc       0%         N/A       96%         3
 Tukima's Dance           Hex            0%         N/A       96%         3
 Leda's Liquefaction      Hex/Erth       0%         N/A       100%        4
 Summon Forest            Summ/Tloc      0%         N/A       100%        5
 Infestation              Necr           0%         N/A       100%        8


Dungeon Overview and Level Annotations

Branches:
Dungeon (5/15)
 Temple: D:4-7

Altars:
Ashenzari
Elyvilon
Xom


Innate Abilities, Weirdness & Mutations

You cannot be hasted, slowed, berserked, paralysed or teleported.
You can dig through walls and to a lower floor.
You have a pair of large antennae on your head. (SInv)
Your four strong arms can wield two-handed weapons with a shield.
Armour fits poorly on your strangely shaped body.
You are somewhat resistant to further mutation.
Your spells are a little harder to cast, but a little more powerful.


Message History

The centaur is heavily wounded.
You barely miss the iguana.
The centaur hits you but does no damage.
The centaur kicks you but does no damage.
The iguana bites you but does no damage.
You regained 2 hp, and now have 31/102 hp.
You hit the centaur but do no damage.
The centaur is heavily wounded.
You hit the iguana but do no damage. The centaur hits you.
* * * LOW HITPOINT WARNING * * *
The centaur kicks you but does no damage.
The iguana bites you but does no damage.
The centaur hits you but does no damage.
The centaur kicks you but does no damage.
You take 1 damage, and have 30/102 hp.
You hit the centaur but do no damage.
The centaur is heavily wounded.
You hit the iguana but do no damage.
You feel less wooden.
Your +1 pair of gloves unmelds from your body.
Your +2 scale mail unmelds from your body.
The centaur barely misses you. The centaur kicks you.
* * * LOW HITPOINT WARNING * * *
The iguana completely misses you.
You now have 20/68 hp.
You hit the centaur but do no damage.
The centaur is heavily wounded.
You barely miss the iguana. The centaur hits you.
* * * LOW HITPOINT WARNING * * *
The centaur kicks you.
* * * LOW HITPOINT WARNING * * *
The iguana misses you.
You take 8 damage, and have 12/68 hp.
It was a potion of mutation.
You feel extremely strange.
Your body twists and deforms.
You feel less in control of your magic.
You feel genetically stable. The centaur barely misses you.
The centaur kicks you.
* * * LOW HITPOINT WARNING * * *
The iguana bites you!
You die...

###########################
...........#......#........
..................'........
...........#......#........
..#..............########....##..
..#.............@#......#....###+
..#............cl#......#....#...
..+.....##..............#....#...
..#.....#######'##....).#....'...
..#.....#........#......#....#...
.!#.....#........#......#....#...
..'.....#........#......#....#...
..#.....#........#......#....#...
..#.....#......<.#......#....'...


You could see a centaur and an iguana.

Vanquished Creatures
  Sigmund (D:4)
  Edmund (D:4)
  A water moccasin (D:5)
  A black bear (D:5)
  2 ogres
  2 phantoms (D:4)
  A water moccasin skeleton (D:4)
  3 hounds
  3 jellies
  An orc priest (D:2)
  A bullfrog skeleton (D:5)
  An iguana (D:5)
  A scorpion zombie (D:5)
  Natasha (thrice) (D:4)
  An orc wizard (D:3)
  A hound skeleton (D:4)
  A howler monkey zombie (D:3)
  3 gnolls (D:2)
  5 adders
  2 adder skeletons (D:4)
  A worm (D:4)
  A dart slug (D:3)
  14 orcs
  5 bats
  3 endoplasms (D:1)
  5 giant cockroaches
  3 goblins
  8 hobgoblins
  9 jackals
  10 kobolds
  8 quokkas
  6 ball pythons
  3 frilled lizards
  11 rats
122 creatures vanquished.

Notes
Turn   | Place    | Note
-------+----------+-------------------------------------------
     0 | D:1      | gimp the Formicid Wanderer began the quest for the Orb.
     0 | D:1      | gimp set off with the following items: a +0 hand axe, a +2
                  | scale mail, a potion of lignification
     0 | D:1      | Reached XP level 1. HP: 13/13 MP: 1/1
    50 | D:1      | Reached XP level 2. HP: 15/20 MP: 2/2
   352 | D:1      | Reached skill level 1 in Fighting
   475 | D:1      | Reached XP level 3. HP: 26/26 MP: 3/3
   923 | D:1      | Found a faded altar of an unknown god.
  1202 | D:2      | Reached XP level 4. HP: 26/32 MP: 4/4
  1313 | D:2      | Reached skill level 4 in Axes
  1438 | D:2      | Got Sif Muna's Compendium of Evil Translocation
  1968 | D:2      | Reached XP level 5. HP: 37/38 MP: 5/5
  2569 | D:3      | Reached XP level 6. HP: 46/46 MP: 6/6
  2884 | D:3      | Reached skill level 5 in Axes
  3031 | D:4      | Noticed Sigmund
  3171 | D:4      | Killed Sigmund
  3172 | D:4      | Reached XP level 7. HP: 36/52 MP: 7/7
  3235 | D:4      | Found the +9 staff of Wucad Mu {*channel}
  3416 | D:4      | Reached skill level 6 in Axes
  3428 | D:4      | Noticed Natasha
  3441 | D:4      | Killed Natasha
  3494 | D:4      | Found a white marble altar of Elyvilon.
  3495 | D:4      | Found a broken altar of Ashenzari.
  3496 | D:4      | Found a shimmering altar of Xom.
  3672 | D:4      | Noticed Natasha
  3685 | D:4      | Killed Natasha
  3705 | D:4      | Noticed Natasha
  3748 | D:4      | Killed Natasha
  3749 | D:4      | Reached XP level 8. HP: 60/60 MP: 8/8
  3807 | D:4      | Reached skill level 5 in Armour
  4223 | D:5      | Entered Level 5 of the Dungeon
  4269 | D:5      | Reached skill level 7 in Axes
  4454 | D:5      | Reached skill level 5 in Fighting
  4724 | D:5      | Noticed Edmund
  4899 | D:4      | Killed Edmund
  4900 | D:4      | Reached skill level 8 in Axes
  4900 | D:4      | Reached XP level 9. HP: 50/68 MP: 9/9
  4946 | D:5      | Gained mutation: Armour fits poorly on your strangely
                  | shaped body. [potion of mutation]
  4946 | D:5      | Gained mutation: Your spells are a little harder to cast,
                  | but a little more powerful. [potion of mutation]
  4946 | D:5      | Gained mutation: You are somewhat resistant to further
                  | mutation. [potion of mutation]
  4946 | D:5      | Slain by an iguana

Illustrated notes

Levels and vault maps discovered:
D:1:      minmay_arrival_radiant_lines, layout_loops_corners,
          hellmonk_ecumenical_altar_blasted, minmay_fountain_box,
          ebering_dispersal_statue_hall
D:2:      layout_basic
D:3:      layout_basic
D:4:      layout_basic, chequers_temple_overflow_statue_of_worship,
          chequers_avenue, minmay_goblin_kobold_house, uniq_natasha,
          uniq_sigmund
D:5:      layout_gridville, kennysheep_generic_room_5, uniq_edmund,
          uniq_eustachio, uniq_ijyb

Skill      XL: |  1  2  3  4  5  6  7  8 |
---------------+-------------------------+-----
Fighting       | 1 2 3 4 5 |  5.0
Axes           | 4 5 6 8 |  8.3
Armour         | 3 4 6 |  6.2
Throwing       | |  2.0
Fire Magic     | |  3.0

Action                   |  1- 3 |  4- 6 |  7- 9 || total
-------------------------+-------+-------+-------++-------
Melee: Hand axe          |   107 |   212 |   345 ||   664
Throw: Dart              |       |     4 |       ||     4
 Abil: Dig               |       |     4 |     8 ||    12
  Use: Scroll            |       |     6 |     1 ||     7
       Potion            |       |       |     4 ||     4
Armor: Scale mail        |    61 |    99 |   142 ||   302
       Skin              |       |       |    67 ||    67
Dodge: Dodged            |    53 |   101 |   168 ||   322

Table legend: (Time is in decaauts)
 A = Elapsed time spent in this place.
 B = Non-inter-level travel time spent in this place.
 C = Inter-level travel time spent in this place.
 D = Time resting spent in this place.
 E = Time spent auto-exploring this place.
 F = Levels seen in this place.
 G = Mean time per level.
                   A        B        C        D        E       F      G
               +--------+--------+--------+--------+--------+-----+--------+
         Total |   4966 |   4811 |    155 |    127 |   3245 |   5 |  993.2 |
       Dungeon |   4966 |   4811 |    155 |    127 |   3245 |   5 |  993.2 |
               +--------+--------+--------+--------+--------+-----+--------+

Top non-repeatable levels by time:
     D:4: 1423 daAuts
     D:1: 1168 daAuts
     D:3: 989 daAuts
     D:2: 965 daAuts
     D:5: 419 daAuts
